 Dungeon Sprint DCSS version 0.22.1-1-ga44c0e56f4 (webtiles) character file.

130 MuseOD the Covert (level 4, -2/25 HPs)
             Began as a Spriggan Enchanter on Sept 28, 2018.
             Killed from afar by a deep elf mage (27 damage)
             ... with a bolt of magma
             ... in the Dungeon (Sprint III: "The Ten Rune Challenge").
             The game lasted 00:01:46 (841 turns).

MuseOD the Covert (Spriggan Enchanter)               Turns: 841, Time: 00:01:48

Health: -2/25      AC:  2    Str:  4    XL:     4   Next: 90%
Magic:  8/11       EV: 18    Int: 17    God:
Gold:   14         SH:  0    Dex: 16    Spells: 2/11 levels left

rFire    . . .     SeeInvis +   a - +1 dagger
rCold    . . .     Gourm    .   (shield restricted)
rNeg     . . .     Faith    .   b - +0 robe
rPois    .         Spirit   .   (helmet restricted)
rElec    .         Reflect  .   (no cloak)
rCorr    .         Harm     .   (gloves unavailable)
MR       .....     NoTele   +   (boots unavailable)
Stlth    ++++......             (no amulet)
HPRegen  0.08/turn              (no ring)
MPRegen  0.12/turn              (no ring)

@: very slightly contaminated, very quick
A: very small, unfitting armour, see invisible, herbivore, speed 3, slow
metabolism 2
a: no special abilities


You were in the Dungeon.
You were not hungry.

You visited 1 branch You collected 14 gold pieces.

Inventory:

Hand Weapons
 a - a +1 dagger (weapon)
Armour
 b - a +0 robe (worn)
Scrolls
 j - a scroll of blinking
 k - 3 scrolls of immolation {unknown}
 l - 4 scrolls of identify
 m - 2 scrolls of remove curse
Potions
 c - 2 potions of lignification {unknown}
 e - 2 potions of curing
 f - a potion of heal wounds
 g - a potion of haste
 h - 2 potions of magic
 i - 4 potions of mutation {unknown}
 n - a potion of flight {unknown}
Comestibles
 d - 3 rations


   Skills:
 + Level 3.6 Fighting
 * Level 7.3 Short Blades
 - Level 3.0 Dodging
 + Level 8.5 Stealth
 + Level 4.0 Spellcasting
 - Level 3.6 Hexes


You had 2 spell levels left.
You knew the following spells:

 Your Spells              Type           Power        Failure   Level  Hunger
a - Corona                Hex            ###....      3%          1    None
b - Ensorcelled Hibernat  Hex/Ice        #.....       12%         2    ##.....
c - Confuse               Hex            ###.....     11%         3    ###....
d - Dazzling Spray        Conj/Hex       #.....       22%         3    ###....

Your spell library contained the following spells:

 Spells                   Type           Power        Failure   Level  Hunger
 Tukima's Dance           Hex            ###.....     11%         3    ###....


Dungeon Overview and Level Annotations

Branches:
Dungeon (1/1)

Altars:
Elyvilon
Zin
The Shining One


Innate Abilities, Weirdness & Mutations

You are very small and have problems with some larger weapons.
You are too small for most types of armour.
You have supernaturally acute eyesight. (SInv)
You are a herbivore.
You cover ground extremely quickly.
You need to consume almost no food.


Message History

Your magical contamination has completely faded away.
You start resting.
Magic restored.
Memorise Dazzling Spray, consuming 3 spell levels and leaving 2?
You start memorising the spell.
You continue memorising. x3
You finish memorising.
Spell assigned to 'd'.
There is an open door to the Ecumenical Temple here.
Casting: Confuse (safe; 11% risk of failure)
Confirm with . or Enter, or press ? or * to list all spells.
Aiming: Confuse (safe; 11% risk of failure)
Press: ? - help, Shift-Dir - straight line, f/p - deep elf mage
Aim: a deep elf mage, wielding a long sword of holy wrath (hasn't noticed you, You miscast Confuse.
You are very lightly contaminated with residual magic.
Strange energies run through your body.
The deep elf mage shouts!
The deep elf mage points at you and mumbles some strange words.
The bolt of magma hits you!
Ouch! That really hurt!
You die...

▓▓▓▓▓▓▓ ▓▓▓ ..#(..####
##.#####
..#......#####..#___#
.##.......#..#..#...#
#.##.##...#..#..###'#+###+##
#.##.###..##'#..#..........#
.####.##..###..÷@.§e.......#
###..##..####...#...######+#
..÷..##..###....#.⌠.#
##..##...##.....#...#
#..##....#......#+###
÷.###..##.#.....# ..#
#..#####....# ▓▓▓ ▓▓▓▓
▓▓▓▓▓▓


You could see a deep elf mage.

Vanquished Creatures
  A water elemental (D)
  A scorpion (D)
  A human (D)
  4 rats (D)
7 creatures vanquished.

Vanquished Creatures (others)
  2 draconian scorchers (D)
  6 hellions (D)
  2 yaktaurs (D)
10 creatures vanquished.

Grand Total: 17 creatures vanquished

Notes
Turn   | Place    | Note
-------+----------+-------------------------------------------
     0 | D        | MuseOD the Spriggan Enchanter began the quest for the Orb.
     0 | D        | Reached XP level 1. HP: 9/9 MP: 5/5
   102 | D        | Killed a yaktaur
   105 | D        | Killed a hellion
   106 | D        | Killed a hellion
   119 | D        | Killed a hellion
   121 | D        | Killed a hellion
   121 | D        | Killed a hellion
   172 | D        | Killed a hellion
   207 | D        | Noticed a scorpion
   207 | D        | Killed a white draconian scorcher
   250 | D        | Killed a white draconian scorcher
   344 | D        | Killed a yaktaur
   488 | D        | Killed a scorpion
   488 | D        | Reached skill level 5 in Short Blades
   488 | D        | Reached skill level 7 in Stealth
   488 | D        | Reached XP level 2. HP: 16/16 MP: 6/6
   488 | D        | Reached XP level 3. HP: 19/19 MP: 8/8
   510 | D        | Learned a level 2 spell: Ensorcelled Hibernation
   514 | D        | Learned a level 3 spell: Confuse
   529 | D        | Reached XP level 4. HP: 24/24 MP: 5/9
   634 | D        | Noticed a water elemental
   637 | D        | Killed a water elemental
   637 | D        | Reached skill level 8 in Stealth
   659 | D        | Found a glowing silver altar of Zin.
   659 | D        | Found a glowing golden altar of the Shining One.
   659 | D        | Found a white marble altar of Elyvilon.
   659 | D        | Noticed a deep elf mage
   826 | D        | Learned a level 3 spell: Dazzling Spray
   841 | D        | Killed from afar by a deep elf mage

Skill      XL: |  1  2  3  4 |
---------------+-------------+-----
Short Blades   | 5 6 7 |  7.3
Fighting       | 2 3 |  3.6
Stealth        | 7 8 |  8.5
Spellcasting   | 4 |  4.0
Dodging        | |  3.0
Hexes          | |  3.6

Action                   |  1- 3 |  4- 6 || total
-------------------------+-------+-------++-------
Melee: Dagger            |    23 |     1 ||    24
 Cast: Confuse           |     1 |     5 ||     6
  Use: Potion            |     1 |       ||     1
 Stab: Sleeping          |     1 |     1 ||     2
       Confused          |     2 |       ||     2
Dodge: Dodged            |    10 |     2 ||    12
